 Dungeon Crawl Stone Soup version 0.28.0-47-ge53b351184 (webtiles) character file.

Game seed: 16872801126228280458

431 Ablot the Cutter (level 6, -1/79 HPs)
             Began as a Gnoll Chaos Knight on Apr 25, 2022.
             Was a Plaything of Xom.
             Slain by a basilisk (3 damage)
             ... while petrified by a basilisk
             ... on level 2 of the Dungeon.
             The game lasted 00:02:11 (1344 turns).

Ablot the Cutter (Gnoll Chaos Knight)               Turns: 1344, Time: 00:02:11

Health: -1/79      AC: 23    Str: 13      XL:     6   Next: 99%
Magic:  9/9        EV:  2    Int: 11      God:    Xom [...*..]
Gold:   136        SH:  0    Dex: 11 (12) Spells: 9/9 levels left

rFire   . . .      SeeInvis .   a - +0 short sword (chaos)
rCold   . . .      Faith    .   (no shield)
rNeg    + + +      Spirit   .   (armour currently unavailable)
rPois   ∞          Reflect  .   (helmet currently unavailable)
rElec   .          Harm     .   (cloak currently unavailable)
rCorr   .          Rampage  .   (gloves currently unavailable)
Will    .....      NoTele   +   (boots currently unavailable)
Stlth   ++........              (no amulet)
HPRegen 0.23/turn               (no ring)
MPRegen 0.11/turn               (no ring)

@: tree-form, petrified
A: stationary, stasis, torment immunity, boosted hp, (fangs 1), strong nose,
distributed training
a: Renounce Religion


You were on level 2 of the Dungeon.
You worshipped Xom.
You were a favourite toy of Xom.
You were a tree.
You visited 1 branch of the dungeon, and saw 2 of its levels.

You collected 136 gold pieces.

Inventory:

Hand Weapons
 a - a +0 short sword of chaos (weapon)
Missiles
 e - 39 stones (quivered)
Armour
 b - a +2 leather armour (melded)
Scrolls
 c - a scroll of identify {unknown}
 d - a scroll of teleportation {unknown}
Potions
 f - a potion of lignification


   Skills:
 + Level 6.9 Fighting
 + Level 6.9 Short Blades
 + Level 2.2 Long Blades
 + Level 2.2 Axes
 + Level 2.2 Maces & Flails
 + Level 2.2 Polearms
 + Level 2.2 Staves
 + Level 2.2 Slings
 + Level 2.2 Bows
 + Level 2.2 Crossbows
 + Level 2.2 Throwing
 + Level 5.1 Armour
 + Level 3.4 Dodging
 + Level 2.2 Stealth
 + Level 2.2 Shields
 + Level 2.2 Unarmed Combat
 + Level 2.2 Spellcasting
 + Level 1.7 Conjurations
 + Level 1.7 Hexes
 + Level 1.7 Summonings
 + Level 1.7 Necromancy
 + Level 1.7 Translocations
 + Level 1.7 Transmutations
 + Level 1.7 Fire Magic
 + Level 1.7 Ice Magic
 + Level 1.7 Air Magic
 + Level 1.7 Earth Magic
 + Level 1.7 Poison Magic
 + Level 2.4 Invocations
 + Level 2.2 Evocations


You had 9 spell levels left.
You didn't know any spells.
Your spell library contained the following spells:

 Spells                   Type           Power      Damage    Failure   Level
 Shock                    Conj/Air       20%        1d4       14%         1
 Swiftness                Air            5%         N/A       38%         3
 Airstrike                Air            2%         N/A       80%         4
 Animate Dead             Necr           2%         N/A       80%         4
 Borgnjor's Vile Clutch   Necr/Erth      2%         N/A       98%         5
 Death Channel            Necr           2%         N/A       100%        6


Dungeon Overview and Level Annotations

Branches:
Dungeon (2/15)

Altars:

Shops:
D:2 [(:


Innate Abilities, Weirdness & Mutations

You are a tree.
Your roots penetrate the ground, keeping you stationary.
You cannot be teleported.
You are immune to unholy pain and torment.
Your maximum health is greatly increased.
You are immune to poison.
Your equipment is partially melded.
((You have very sharp teeth.))
Your uncanny sense of smell can sniff out nearby items.
Your experience applies equally to all skills.


Message History

You hear Xom's avuncular chuckle.
The basilisk loses its grip on you.
The naga evaporates and reforms as a basilisk!
You are now a favourite toy of Xom.
Something bites you.
* * * LOW HITPOINT WARNING * * *
You closely miss the basilisk.
The basilisk is moderately wounded.
The basilisk gazes at you.
You are slowing down.
Something bites you but does no damage.
You completely miss the basilisk.
The basilisk is moderately wounded.
The basilisk gazes at you.
Your limbs have turned to stone.
Something bites you but does no damage.
You have turned to stone.
The basilisk barely misses you. Something bites you but does no damage.
You hear Xom's avuncular chuckle.
The basilisk bites you.
* * * LOW HITPOINT WARNING * * *
Something bites you but does no damage. "Feel my power!"
The rat is outlined in light.
The basilisk bites you but does no damage.
The rat bites you but does no damage.
The rat stops moving altogether!
A ball python comes into view.
The basilisk bites you but does no damage.
The basilisk completely misses you. The basilisk gazes at you.
You resist with significant effort.
The basilisk bites you but does no damage.
The rat stops glowing and disappears.
The basilisk bites you but does no damage.
Xom plays with reality for a moment.
The basilisk flies into a frenzy!
The ball python flies into a frenzy!
The basilisk bites you!!
* * * LOW HITPOINT WARNING * * *
The basilisk bites you!
You die...

#.....# .# #.....# ..#
#.....# ..# . ##
#.....######..# ...
#.....#.......# ∆
###.####.?.##.##...##.#
........†...$.......[...
####.##.....#...{......##
..# ..#.##.##..†♣####....
..# #.#.##.##...l........
..# #.#..................
..###..###......#####....
.#'..∩.#######.S. ..
..###...### #.... ..#
#.#.........♣.. ..#
#.#........♣♣..
#####.##......


You could see a neutral basilisk (fast, strong, insane) and a neutral ball
python (fast, strong, insane).

Vanquished Creatures
  An adder (D:2)
  A worm (D:2)
  A dart slug (D:2)
  2 ball pythons (D:1)
  5 bats
  4 endoplasms (D:1)
  2 giant cockroaches
  4 goblins
  5 hobgoblins
  7 jackals (D:1)
  2 quokkas (D:2)
  A frilled lizard (D:1)
  2 kobolds (D:1)
  6 rats
43 creatures vanquished.

Vanquished Creatures (collateral kills)
  A moth of wrath (shapeshifter) (D:1)
1 creature vanquished.

Grand Total: 44 creatures vanquished

Notes
Turn   | Place    | Note
-------+----------+-------------------------------------------
     0 | D:1      | Ablot the Gnoll Chaos Knight began the quest for the Orb.
     0 | D:1      | Reached XP level 1. HP: 23/23 MP: 1/1
     1 | D:1      | XOM: silly message
    72 | D:1      | Found a faded altar of an unknown god.
    81 | D:1      | XOM: potion effect (berserk rage)
    86 | D:1      | Reached XP level 2. HP: 29/29 MP: 2/2
   234 | D:1      | XOM: confuse monster(s)
   367 | D:1      | Reached XP level 3. HP: 35/35 MP: 3/3
   367 | D:1      | Noticed a glowing shapeshifter
   367 | D:1      | a hobgoblin changed into a glowing shapeshifter
   367 | D:1      | XOM: cast spell 'Summon Dragon'
   367 | D:1      | Noticed a cyclops
   367 | D:1      | a glowing shapeshifter changed into a cyclops
   369 | D:1      | Noticed a steelbarb worm
   369 | D:1      | a cyclops changed into a steelbarb worm
   372 | D:1      | Noticed a shock serpent
   372 | D:1      | a steelbarb worm changed into a shock serpent
   373 | D:1      | Noticed a swamp dragon
   373 | D:1      | a shock serpent changed into a swamp dragon
   375 | D:1      | Noticed a moth of wrath
   375 | D:1      | a swamp dragon changed into a moth of wrath
   376 | D:1      | Killed a moth of wrath
   377 | D:1      | Reached skill level 5 in Armour
   377 | D:1      | Reached skill level 1 in Conjurations
   377 | D:1      | Reached skill level 1 in Hexes
   377 | D:1      | Reached skill level 1 in Summonings
   377 | D:1      | Reached skill level 1 in Necromancy
   377 | D:1      | Reached skill level 1 in Translocations
   377 | D:1      | Reached skill level 1 in Transmutations
   377 | D:1      | Reached skill level 1 in Fire Magic
   377 | D:1      | Reached skill level 1 in Ice Magic
   377 | D:1      | Reached skill level 1 in Air Magic
   377 | D:1      | Reached skill level 1 in Earth Magic
   377 | D:1      | Reached skill level 1 in Poison Magic
   377 | D:1      | Reached XP level 4. HP: 41/41 MP: 3/7
   377 | D:1      | Reached XP level 5. HP: 47/47 MP: 3/8
   377 | D:1      | Reached XP level 6. HP: 53/53 MP: 3/9
   437 | D:1      | XOM: silly message
   706 | D:1      | XOM: divination: detect creatures
   941 | D:2      | Found Xuggaq's Armour Shop.
   952 | D:2      | Found Ruesaepn's Book Boutique.
  1069 | D:2      | Found Setedit's Weapon Shop.
  1159 | D:2      | XOM: silly message
  1284 | D:2      | XOM: stat loss: -1 Dex (11/12)
  1325 | D:2      | Noticed a naga
  1325 | D:2      | a worm changed into a naga
  1333 | D:2      | Noticed a basilisk
  1333 | D:2      | a naga changed into a basilisk
  1333 | D:2      | XOM: polymorph naga -> basilisk
  1337 | D:2      | XOM: enchant monster (good)
  1338 | D:2      | XOM: fake destruction
  1344 | D:2      | XOM: cast spell 'Discord'
  1344 | D:2      | HP: 2/79 [basilisk (10)]
  1344 | D:2      | Slain by a basilisk

Illustrated notes

Levels and vault maps discovered:
D:1:      elethiomel_arrival_maze, layout_loops_ring,
          hellmonk_ecumenical_altar_run_dry
D:2:      layout_basic, serial_shops, nicolae_shop_behind_doors,
          nicolae_shop_bloodbath_and_beyond, shop, nicolae_shop_stone,
          chequers_mini_garden, dk_vineyard_3

Skill      XL: |  1  2  3 |
---------------+----------+-----
Long Blades    | 2 |  2.2
Axes           | 2 |  2.2
Maces & Flails | 2 |  2.2
Polearms       | 2 |  2.2
Staves         | 2 |  2.2
Slings         | 2 |  2.2
Bows           | 2 |  2.2
Crossbows      | 2 |  2.2
Throwing       | 2 |  2.2
Armour         | 5 |  5.1
Dodging        | 3 |  3.4
Stealth        | 2 |  2.2
Shields        | 2 |  2.2
Unarmed Combat | 2 |  2.2
Spellcasting   | 2 |  2.2
Conjurations   | 1 |  1.7
Hexes          | 1 |  1.7
Summonings     | 1 |  1.7
Necromancy     | 1 |  1.7
Translocations | 1 |  1.7
Transmutations | 1 |  1.7
Fire Magic     | 1 |  1.7
Ice Magic      | 1 |  1.7
Air Magic      | 1 |  1.7
Earth Magic    | 1 |  1.7
Poison Magic   | 1 |  1.7
Invocations    | 2 |  2.4
Evocations     | 2 |  2.2
Fighting       | |  6.9
Short Blades   | |  6.9

Action                   |  1- 3 |  4- 6 || total
-------------------------+-------+-------++-------
Melee: Short sword       |    51 |    82 ||   133
       Bite              |     7 |     9 ||    16
  Use: Potion            |       |     1 ||     1
 Stab: Confused          |     1 |       ||     1
       Sleeping          |       |     4 ||     4
Armor: Leather armour    |    15 |    21 ||    36
       Skin              |       |    14 ||    14
Dodge: Dodged            |    27 |    42 ||    69
